 Dungeon Crawl Stone Soup version 0.18-a0-1702-gd20c6a5 (webtiles) character file.

413 4thArraOfDagon the Chopper (level 6, -2/56 HPs)
             Began as a Hill Orc Berserker on Apr 6, 2016.
             Was a Believer of Trog.
             Slain by an ice beast (9 damage)
             ... on level 6 of the Dungeon.
             The game lasted 00:03:46 (904 turns).

4thArraOfDagon the Chopper (Hill Orc Berserker)      Turns: 904, Time: 00:03:47

Health: -2/56      AC:  4    Str: 22    XL:     6   Next: 91%
Magic:  6/6        EV: 12    Int:  7    God:    Trog [**....]
Gold:   92         SH:  0    Dex: 10    Spells: 0 memorised, 5 levels left

rFire  . . .     SeeInvis +     a - +0 hand axe
rCold  . . .     Gourm    .     b - +0 animal skin
rNeg   . . .     Faith    .     (no shield)
rPois  .         Spirit   .     k - +0 helmet {SInv}
rElec  .         Dismiss  .     (no cloak)
rCorr  .         Reflect  .     g - +0 pair of gloves
SustAt .         Harm     .     (no boots)
MR     ++...                    (no amulet)
Stlth  +.........               (no ring)
                                (no ring)

@: exhausted, regenerating, slowed, very slow, very resistant to hostile
enchantments, very unstealthy
A: no striking features
a: Berserk, Trog's Hand, Burn Spellbooks, Renounce Religion


You were on level 6 of the Dungeon.
You worshipped Trog.
Trog was pleased with you.
You were not hungry.

You visited 1 branch of the dungeon, and saw 6 of its levels.

You collected 92 gold pieces.

Inventory:

Hand Weapons
 a - a +0 hand axe (weapon)
Armour
 b - a +0 animal skin (worn)
 g - a +0 pair of gloves (worn)
 k - a +0 helmet of see invisible (worn)
Jewellery
 j - an uncursed ring of fire
Scrolls
 d - a scroll of identify
 e - a scroll of enchant armour {unknown}
 f - a scroll of remove curse {unknown}
 h - a scroll of amnesia {unknown}
 p - 2 scrolls of teleportation {unknown}
Potions
 i - a potion of magic
 l - a potion of degeneration
 n - a potion of flight
 o - a potion of curing
Comestibles
 c - 2 bread rations


   Skills:
 + Level 5.3 Fighting
 * Level 7.8 Axes
 + Level 4.1 Armour
 - Level 1.5 Dodging


You had 5 spell levels left.
You didn't know any spells.

Dungeon Overview and Level Annotations

Branches:
Dungeon (6/15)             Temple (0/1) D:4

Altars:
Zin

Shops:
D:4 (


Message History

Unknown command.
Your skin crawls.
You feel resistant to hostile enchantments.
You feel slightly more hungry.
The ice beast hits you but does no damage.
Unknown command.
Drink which item? (? for menu, Esc to quit)
Okay, then.
Drink which item? (? for menu, Esc to quit)
You feel better. The ice beast hits you. The ice beast freezes you!
The ice beast hits you.
* * * LOW HITPOINT WARNING * * *
The ice beast freezes you!
* * * LOW HITPOINT WARNING * * *
Unknown command.
Unknown command.
The ice beast hits you.
* * * LOW HITPOINT WARNING * * *
The ice beast freezes you!
You die...

####.....<#..#.##.#
#.......#..<......#
#.......####.######
#.......####.#
#........>...#
#...O...######
#.......#
#.#Y......#
#...@..##.#
###.#### .# #. .#
## ##


You could see an ice beast and an ogre.

Vanquished Creatures
  An ogre (D:4)
  A giant frog (D:6)
  A scorpion (D:4)
  A howler monkey (D:6)
  2 crimson imps (D:5)
  A hound (D:4)
  A worker ant (D:4)
  A hound zombie (D:5)
  An adder (D:4)
  A dart slug (D:3)
  2 giant geckos (D:4)
  An orc (D:3)
  2 bats
  2 goblins (D:3)
  3 hobgoblins
  A jackal (D:2)
  A ball python (D:5)
  7 giant newts
  2 kobolds
  4 rats
36 creatures vanquished.

Notes
Turn   | Place    | Note
--------------------------------------------------------------
     0 | D:1      | 4thArraOfDagon the Hill Orc Berserker began the quest for the Orb.
     0 | D:1      | Reached XP level 1. HP: 19/19 MP: 1/1
   114 | D:1      | Reached XP level 2. HP: 9/27 MP: 2/2
   456 | D:3      | Reached ** piety under Trog
   477 | D:3      | Reached XP level 3. HP: 16/33 MP: 3/3
   497 | D:4      | Reached skill level 5 in Axes
   498 | D:4      | Reached XP level 4. HP: 9/40 MP: 4/4
   503 | D:4      | Found a staircase to the Ecumenical Temple.
   507 | D:4      | HP: 2/40 [poisoned by a worker ant]
   567 | D:4      | Noticed an ogre
   577 | D:4      | Killed an ogre
   577 | D:4      | Reached skill level 6 in Axes
   577 | D:4      | Reached XP level 5. HP: 19/47 MP: 5/5
   638 | D:4      | Reached XP level 6. HP: 55/55 MP: 6/6
   653 | D:4      | Found Joyn's Weapon Shop.
   690 | D:5      | Entered Level 5 of the Dungeon
   752 | D:5      | Reached skill level 5 in Fighting
   773 | D:5      | Reached skill level 7 in Axes
   850 | D:5      | Found a glowing silver altar of Zin.
   899 | D:6      | Noticed an ice beast
   904 | D:6      | Slain by an ice beast

Vault maps used:
D:1:      dpeg_arrival_pond
D:3:      serial_bayou_pond_b, cheibriados_altar_1
D:4:      minmay_temple_entry_from_below_a, first_bread, serial_shops,
          kennysheep_mini, uniq_sigmund
D:5:      overflow_temple_1_default, uniq_menkaure
D:6:      grunt_temple_overflow_open

Skill      XL: |  1  2  3  4  5  6 |
---------------+-------------------+-----
Fighting       | 4 5 |  5.3
Axes           | 5 6 7 |  7.8
Armour         | 3 4 |  4.1
Dodging        | |  1.5

Action                   |  1- 3 |  4- 6 || total
-------------------------+-------+-------++-------
Melee: Hand axe          |    84 |    45 ||   129
Invok: Berserk           |     4 |     4 ||     8
       Trog's Hand       |       |     5 ||     5
  Use: Potion            |       |     2 ||     2
       Scroll            |       |     3 ||     3
  Eat: Chunk             |     2 |     6 ||     8
       Pizza             |       |     1 ||     1
